| TOP OF THE 1ST |
|
Fresno Grizzlies batting - Pitching for Buffalo Bisons : RHP Taek-gyun Kym
|
|
Pitching: RHP Taek-gyun Kym
|
|
|
Batting: LHB Danny Wolver
|
0-0: Swinging Strike 0-1: Ball 1-1: Foul Ball, location: 2F 1-2: Strikes out swinging
|
|
Batting: LHB Mark Dearth
|
0-0: Ball 1-0: Ball 2-0: Foul Ball, location: 2F 2-1: Fly out, F9 (Flyball, 89M, EV 90.6 MPH)
|
|
Batting: LHB Josh Birkner
|
0-0: Ball 1-0: Ball 2-0: Called Strike 2-1: Called Strike 2-2: Ball 3-2: Base on Balls
|
|
Batting: RHB Bruce Bermudez
|
0-0: Ball 1-0: Swinging Strike 1-1: Foul Ball, location: 2F 1-2: Strikes out swinging
|
| Top of the 1st over - 0 runs, 0 hits, 0 errors, 1 left on base; Fresno 0 - Buffalo 0 |
| BOTTOM OF THE 1ST |
|
Buffalo Bisons batting - Pitching for Fresno Grizzlies : RHP Andy Montelongo
|
|
Pitching: RHP Andy Montelongo
|
|
|
Batting: SHB Bran Stark
|
0-0: Swinging Strike 0-1: Called Strike 0-2: Ball 1-2: Ball 2-2: Ball 3-2: Strikes out swinging
|
|
Batting: RHB Alex Ramos
|
0-0: Ground out 6-3 (Groundball, 6, EV 89.4 MPH)
|
|
Batting: LHB Isto Mäyrä
|
0-0: Swinging Strike 0-1: Ball 1-1: Called Strike 1-2: Strikes out swinging
|
| Bottom of the 1st over - 0 runs, 0 hits, 0 errors, 0 left on base; Fresno 0 - Buffalo 0 |
| TOP OF THE 2ND |
|
Fresno Grizzlies batting - Pitching for Buffalo Bisons : RHP Taek-gyun Kym
|
|
Batting: SHB Paskar Adegoke
|
0-0: Swinging Strike 0-1: Ball 1-1: Foul Ball, location: 2F 1-2: Ball 2-2: Ball 3-2: Base on Balls
|
|
Batting: RHB Etsuro Hosokawa
|
0-0: Foul Ball, location: 2F 0-1: Foul Ball, location: 2F 0-2: Ball 1-2: Ball 2-2: Foul Ball, location: 2F 2-2: Ball 3-2: Foul Ball, location: 2F 3-2: Foul Ball, location: 2F 3-2: DOUBLE (Line Drive, 9LM, EV 105.0 MPH) Paskar Adegoke to third Runner from 3rd tries for Home, SAFE, no throw by RF
|
|
Batting: RHB Sam Spohn
|
0-0: SINGLE (Line Drive, 8LS, EV 103.8 MPH) Etsuro Hosokawa to third Runner from 3rd tries for Home, SAFE, throw by CF to home
|
|
Batting: RHB Kyle Davis
|
0-0: Ball 1-0: Called Strike 1-1: Foul Ball, location: 2F 1-2: Strikes out swinging
|
|
Batting: SHB Ryan Chicoine
|
0-0: Ball 1-0: Ball 2-0: Foul Ball, location: 2F 2-1: Ball 3-1: Swinging Strike 3-2: Fly out, F9 (Flyball, 9, EV 83.1 MPH)
|
|
Batting: LHB Danny Wolver
|
0-0: Ball 1-0: Ball 2-0: Ground out U3 (Groundball, 3, EV 88.8 MPH)
|
| Top of the 2nd over - 2 runs, 2 hits, 0 errors, 1 left on base; Fresno 2 - Buffalo 0 |
| BOTTOM OF THE 2ND |
|
Buffalo Bisons batting - Pitching for Fresno Grizzlies : RHP Andy Montelongo
|
|
Batting: RHB Leo Mair
|
0-0: Ball 1-0: Ground out 4-3 (Groundball, 4, EV 103.8 MPH)
|
|
Batting: LHB Jack Bell
|
0-0: Called Strike 0-1: SINGLE (Groundball, 25, EV 71.2 MPH) (infield hit)
|
|
Batting: RHB Francisco Hernandez
|
0-0: Ball 1-0: Called Strike Jack Bell steals 2nd base 1-1: Swinging Strike 1-2: Strikes out looking
|
|
Batting: RHB Danny Eberhart
|
0-0: Called Strike 0-1: Hit by Pitch
|
|
Batting: RHB Bobby Lasaguna
|
0-0: Called Strike 0-1: Ball 1-1: Swinging Strike 1-2: Strikes out looking
|
| Bottom of the 2nd over - 0 runs, 1 hit, 0 errors, 2 left on base; Fresno 2 - Buffalo 0 |
| TOP OF THE 3RD |
|
Fresno Grizzlies batting - Pitching for Buffalo Bisons : RHP Taek-gyun Kym
|
|
Batting: LHB Mark Dearth
|
0-0: Ball 1-0: Fly out, F7 (Flyball, 78M, EV 88.8 MPH)
|
|
Batting: LHB Josh Birkner
|
0-0: Ball 1-0: Ground out 4-3 (Groundball, 34D, EV 80.0 MPH)
|
|
Batting: RHB Bruce Bermudez
|
0-0: Ball 1-0: Ball 2-0: Called Strike 2-1: Ball 3-1: Fly out, F8 (Flyball, 89D, EV 95.0 MPH)
|
| Top of the 3rd over - 0 runs, 0 hits, 0 errors, 0 left on base; Fresno 2 - Buffalo 0 |
| BOTTOM OF THE 3RD |
|
Buffalo Bisons batting - Pitching for Fresno Grizzlies : RHP Andy Montelongo
|
|
Batting: RHB Danny Heyer
|
0-0: Ball 1-0: Ball 2-0: Called Strike 2-1: Ball 3-1: Base on Balls
|
|
Batting: SHB Bran Stark
|
0-0: Grounds out, U3 (Groundball, 3L, EV 89.4 MPH)
|
|
Batting: RHB Alex Ramos
|
0-0: Ball 1-0: Ball 2-0: Ball 3-0: Base on Balls
|
|
Batting: LHB Isto Mäyrä
|
0-0: Called Strike 0-1: Foul Ball, location: 2F 0-2: Ball 1-2: Ball 2-2: Foul Ball, location: 2F 2-2: Fly out, F8 (Flyball, 8LD, EV 96.9 MPH)
|
|
Batting: RHB Leo Mair
|
0-0: Called Strike 0-1: Swinging Strike 0-2: Ball 1-2: Ground out U3 (Groundball, 34, EV 103.8 MPH)
|
| Bottom of the 3rd over - 0 runs, 0 hits, 0 errors, 2 left on base; Fresno 2 - Buffalo 0 |
| TOP OF THE 4TH |
|
Fresno Grizzlies batting - Pitching for Buffalo Bisons : RHP Taek-gyun Kym
|
|
Batting: SHB Paskar Adegoke
|
0-0: Called Strike 0-1: Ball 1-1: Ball 2-1: Ball 3-1: Base on Balls
|
|
Batting: RHB Etsuro Hosokawa
|
0-0: SINGLE (Line Drive, 4MD, EV 96.2 MPH) Paskar Adegoke to second Runner from 2nd tries for 3rd, SAFE, throw by CF made to third
|
|
Batting: RHB Sam Spohn
|
0-0: Ball 1-0: Foul Ball, location: 2F 1-1: Ball 2-1: Swinging Strike 2-2: Strikes out looking
|
|
Batting: RHB Kyle Davis
|
0-0: Ball 1-0: Called Strike 1-1: Called Strike Etsuro Hosokawa is caught stealing 2nd base 2-4 1-2: Foul Ball, location: 2F 1-2: Ball 2-2: Strikes out swinging
|
| Top of the 4th over - 0 runs, 1 hit, 0 errors, 1 left on base; Fresno 2 - Buffalo 0 |
| BOTTOM OF THE 4TH |
|
Buffalo Bisons batting - Pitching for Fresno Grizzlies : RHP Andy Montelongo
|
|
Batting: LHB Jack Bell
|
0-0: Ball 1-0: Ball 2-0: Fly out, F6 (Popup, 6M, EV 68.8 MPH)
|
|
Batting: RHB Francisco Hernandez
|
0-0: Ground out 4-3 (Groundball, 4M, EV 83.8 MPH)
|
|
Batting: RHB Danny Eberhart
|
0-0: Ball 1-0: TRIPLE (Flyball, 8RXD, EV 101.9 MPH)
|
|
Batting: RHB Bobby Lasaguna
|
0-0: Ball 1-0: Ball 2-0: Foul Ball, location: 2F 2-1: Swinging Strike 2-2: SINGLE (Groundball, 6S, EV 62.5 MPH) (infield hit) Danny Eberhart scores
|
|
Batting: RHB Danny Heyer
|
0-0: Called Strike Bobby Lasaguna steals 2nd base 0-1: Ball 1-1: Called Strike 1-2: Ball 2-2: Ball 3-2: Base on Balls
|
|
Batting: SHB Bran Stark
|
0-0: Ball 1-0: Swinging Strike 1-1: Swinging Strike 1-2: Ball 2-2: Ball 3-2: Foul Ball, location: 2F 3-2: Foul Ball, location: 2F 3-2: Foul Ball, location: 2F 3-2: Base on Balls Bobby Lasaguna to third Danny Heyer to second
|
|
Batting: RHB Alex Ramos
|
0-0: Foul Ball, location: 2F 0-1: Foul Ball, location: 2F 0-2: Foul Ball, location: 2F 0-2: Ball 1-2: Fly out, F9 (Flyball, 89XD, EV 110.6 MPH)
|
| Bottom of the 4th over - 1 run, 2 hits, 0 errors, 3 left on base; Fresno 2 - Buffalo 1 |
| TOP OF THE 5TH |
|
Fresno Grizzlies batting - Pitching for Buffalo Bisons : RHP Taek-gyun Kym
|
|
Batting: SHB Ryan Chicoine
|
0-0: Ball 1-0: Called Strike 1-1: Ball 2-1: Ball 3-1: Base on Balls
|
|
Batting: LHB Danny Wolver
|
0-0: Ball 1-0: Foul Ball, location: 2F 1-1: Called Strike 1-2: Ball 2-2: Strikes out swinging
|
|
Batting: LHB Mark Dearth
|
0-0: Ball 1-0: Ball 2-0: Called Strike 2-1: Ball 3-1: Base on Balls Ryan Chicoine to second
|
|
Batting: LHB Josh Birkner
|
0-0: Swinging Strike 0-1: Ball Ryan Chicoine is caught stealing 3rd base 2-5 1-1: Ball 2-1: Ball 3-1: Swinging Strike 3-2: Base on Balls Mark Dearth to second
|
|
Batting: RHB Bruce Bermudez
|
0-0: Fly out, F9 (Flyball, 9, EV 87.5 MPH)
|
| Top of the 5th over - 0 runs, 0 hits, 0 errors, 2 left on base; Fresno 2 - Buffalo 1 |
| BOTTOM OF THE 5TH |
|
Buffalo Bisons batting - Pitching for Fresno Grizzlies : RHP Andy Montelongo
|
|
Batting: LHB Isto Mäyrä
|
0-0: Ball 1-0: Ball 2-0: Called Strike 2-1: Ball 3-1: Foul Ball, location: 2F 3-2: Strikes out swinging
|
|
Batting: RHB Leo Mair
|
0-0: Called Strike 0-1: Ball 1-1: Fly out, F9 (Flyball, 89M, EV 95.0 MPH)
|
|
Batting: LHB Jack Bell
|
0-0: Called Strike 0-1: Foul Ball, location: 2F 0-2: Foul Ball, location: 2F 0-2: Ground out 5-3 (Groundball, 56S, EV 81.2 MPH)
|
| Bottom of the 5th over - 0 runs, 0 hits, 0 errors, 0 left on base; Fresno 2 - Buffalo 1 |
| TOP OF THE 6TH |
|
Fresno Grizzlies batting - Pitching for Buffalo Bisons : RHP Taek-gyun Kym
|
|
Batting: SHB Paskar Adegoke
|
0-0: Ball 1-0: Foul Ball, location: 2F 1-1: Fly out, F9 (Flyball, 9D, EV 91.9 MPH)
|
|
Batting: RHB Etsuro Hosokawa
|
0-0: Called Strike 0-1: Ball 1-1: Ball 2-1: Foul Ball, location: 2F 2-2: Strikes out swinging
|
|
Batting: RHB Sam Spohn
|
0-0: Foul Ball, location: 2F 0-1: Ball 1-1: Ground out 4-3 (Groundball, 13, EV 85.0 MPH)
|
| Top of the 6th over - 0 runs, 0 hits, 0 errors, 0 left on base; Fresno 2 - Buffalo 1 |
| BOTTOM OF THE 6TH |
|
Buffalo Bisons batting - Pitching for Fresno Grizzlies : RHP Andy Montelongo
|
|
Batting: RHB Francisco Hernandez
|
0-0: Ball 1-0: Called Strike 1-1: Foul Ball, location: 2F 1-2: Strikes out swinging
|
|
Batting: RHB Danny Eberhart
|
0-0: Called Strike 0-1: SOLO HOME RUN (Flyball, 7D, EV 95.6 MPH), Distance : 380 ft
|
|
Batting: RHB Bobby Lasaguna
|
0-0: Swinging Strike 0-1: Called Strike 0-2: Strikes out swinging
|
|
Batting: RHB Danny Heyer
|
0-0: Fly out, F9 (Flyball, 9D, EV 77.5 MPH)
|
| Bottom of the 6th over - 1 run, 1 hit, 0 errors, 0 left on base; Fresno 2 - Buffalo 2 |
| TOP OF THE 7TH |
|
Fresno Grizzlies batting - Pitching for Buffalo Bisons : RHP Taek-gyun Kym
|
|
Batting: RHB Kyle Davis
|
0-0: Ball 1-0: Ball 2-0: Ball 3-0: Base on Balls
|
|
Pitching: RHP Jack Overbeek
|
|
|
Batting: SHB Ryan Chicoine
|
0-0: Sac Bunt to 13 - play at first, batter OUT! 1-3 Kyle Davis to second
|
|
Batting: LHB Danny Wolver
|
0-0: Swinging Strike 0-1: Called Strike 0-2: Ball 1-2: Strikes out swinging
|
|
Batting: LHB Mark Dearth
|
0-0: Ball 1-0: Called Strike 1-1: Ball 2-1: Foul Ball, location: 2F 2-2: Fly out, F9 (Flyball, 9LSF, EV 81.9 MPH)
|
| Top of the 7th over - 0 runs, 0 hits, 0 errors, 1 left on base; Fresno 2 - Buffalo 2 |
| BOTTOM OF THE 7TH |
|
Buffalo Bisons batting - Pitching for Fresno Grizzlies : RHP Andy Montelongo
|
|
Pitching: RHP Angel Cerros
|
|
|
Batting: SHB Bran Stark
|
0-0: Ball 1-0: Swinging Strike 1-1: Called Strike 1-2: Ball 2-2: Strikes out swinging
|
|
Batting: RHB Alex Ramos
|
0-0: Foul Ball, location: 2F 0-1: Foul Ball, location: 2F 0-2: Strikes out swinging
|
|
Batting: LHB Isto Mäyrä
|
0-0: Fly out, F8 (Flyball, 8RM, EV 82.5 MPH)
|
| Bottom of the 7th over - 0 runs, 0 hits, 0 errors, 0 left on base; Fresno 2 - Buffalo 2 |
| TOP OF THE 8TH |
|
Fresno Grizzlies batting - Pitching for Buffalo Bisons : RHP Jack Overbeek
|
|
Batting: LHB Josh Birkner
|
0-0: Ball 1-0: Swinging Strike 1-1: Called Strike 1-2: Ball 2-2: Strikes out looking
|
|
Batting: RHB Bruce Bermudez
|
0-0: Ball 1-0: Ball 2-0: Fly out, F9 (Flyball, 89M, EV 86.9 MPH)
|
|
Batting: SHB Paskar Adegoke
|
0-0: Ball 1-0: Ground out 4-3 (Groundball, 4S, EV 88.8 MPH)
|
| Top of the 8th over - 0 runs, 0 hits, 0 errors, 0 left on base; Fresno 2 - Buffalo 2 |
| BOTTOM OF THE 8TH |
|
Buffalo Bisons batting - Pitching for Fresno Grizzlies : RHP Angel Cerros
|
|
Pinch Hitting: LHB Michael Byrd
|
0-0: Foul Ball, location: 2F 0-1: Hit by Pitch
|
|
Batting: LHB Jack Bell
|
0-0: Ball Michael Byrd steals 2nd base 1-0: Called Strike 1-1: Called Strike 1-2: Fly out, F9 (Flyball, 9S, EV 80.0 MPH)
|
|
Batting: RHB Francisco Hernandez
|
0-0: Foul Ball, location: 2F 0-1: Called Strike Michael Byrd steals 3rd base 0-2: Strikes out swinging
|
|
Batting: RHB Danny Eberhart
|
0-0: SINGLE (Groundball, 6M, EV 103.8 MPH) Michael Byrd scores
|
|
Batting: RHB Bobby Lasaguna
|
0-0: Ball 1-0: Ball Danny Eberhart is caught stealing 2nd base 2-4
|
| Bottom of the 8th over - 1 run, 1 hit, 0 errors, 0 left on base; Fresno 2 - Buffalo 3 |
| TOP OF THE 9TH |
|
Fresno Grizzlies batting - Pitching for Buffalo Bisons : RHP Jack Overbeek
|
|
Pitching: RHP Luis Bautista
|
|
|
Now at 2B: Michael Byrd
|
|
|
Batting: RHB Etsuro Hosokawa
|
0-0: Called Strike 0-1: Swinging Strike 0-2: Strikes out swinging
|
|
Batting: RHB Sam Spohn
|
0-0: Ball 1-0: Ground out 5-3 (Groundball, 5L, EV 108.8 MPH)
|
|
Batting: RHB Kyle Davis
|
0-0: Foul Ball, location: 2F 0-1: Ball 1-1: Ball 2-1: Ball 3-1: Base on Balls
|
|
Batting: SHB Ryan Chicoine
|
0-0: Called Strike Kyle Davis steals 2nd base 0-1: Fly out, F8 (Flyball, 8LD, EV 98.1 MPH)
|
| Top of the 9th over - 0 runs, 0 hits, 0 errors, 1 left on base; Fresno 2 - Buffalo 3 |
|